 Dungeon Crawl Stone Soup version 0.16-a0-3585-g2f5ff90 (webtiles) character file.

2902 Pikaro the Martial Artist (level 9, -5/53 HPs)
             Began as an Octopode Transmuter on Jan 11, 2015.
             Was a Believer of Okawaru.
             Shot with an arrow by a centaur (9 damage)
             ... on level 7 of the Dungeon.
             The game lasted 00:24:15 (12685 turns).

Pikaro the Martial Artist (Octopode Transmuter)    Turns: 12685, Time: 00:24:16

Health: -5/53      AC:  1    Str:  9    XL:     9   Next: 78%
Magic:  14/14      EV: 12    Int: 16    God:    Okawaru [**....]
Gold:   68         SH:  0    Dex: 15    Spells: 3 memorised, 6 levels left

rFire  . . .     SeeInvis +       - Unarmed
rCold  . . .     Clarity  .     (no shield)
rNeg   . . .     SustAb   .     (helmet restricted)
rPois  .         Gourm    .     (no amulet)
rElec  .         Spirit   .     v - ring of stealth {Stlth+}
rCorr  .         Warding  .     G - ring of see invisible {sInv, !d}
rMut   .         Stasis   .     (no ring)
MR     .....                    (no ring)
Stlth  +++.......               (no ring)
                                (no ring)
                                (no ring)
                                (no ring)

@: very slightly contaminated, not resistant to hostile enchantments, fairly
stealthy
A: almost no armour, amphibious, 8 rings, constrict 8, antennae 1, fangs 1,
tentacle spike 1, camouflage 1, gelatinous body 1, no device heal 1
a: Heroism, Renounce Religion


You were on level 7 of the Dungeon.
You worshipped Okawaru.
Okawaru was pleased with you.
You were not hungry.

You visited 2 branches of the dungeon, and saw 8 of its levels.

You collected 284 gold pieces.
You spent 216 gold pieces at shops.

Inventory:

Hand weapons
 u - a +0 blowgun
   (You took it off a kobold on level 4 of the Dungeon)
Missiles
 b - 106 arrows
 g - 43 poisoned needles
 y - 6 arrows of dispersal {=f}
 H - 12 arrows of frost
Jewellery
 v - a ring of stealth (left tentacle) {Stlth+}
   (You found it on level 4 of the Dungeon)
 A - the ring "Tujouj" {Fire +Blink}
   (You bought it in a shop on level 5 of the Dungeon)

   [ring of fire]

   It enhances your fire magic, and weakens your ice magic.
   It protects you from fire.
   It makes you vulnerable to cold.
   It lets you blink.
 G - a ring of see invisible (right tentacle) {sInv, !d}
   (You found it on level 7 of the Dungeon)
Magical devices
 t - a wand of polymorph (14)
   (You found it on level 4 of the Dungeon)
 D - a wand of slowing (26)
   (You took it off Natasha on level 5 of the Dungeon)
 E - a wand of confusion (34)
   (You found it on level 5 of the Dungeon)
Scrolls
 c - 2 scrolls of magic mapping {!r}
 i - 2 scrolls of enchant weapon
 j - 4 scrolls of remove curse
 l - 2 scrolls of teleportation
 o - a scroll of fear
 p - a scroll of amnesia {unknown}
 w - 2 scrolls of fog {unknown}
 x - 4 scrolls of blinking {unknown}
Potions
 e - a potion of brilliance
 h - a potion of restore abilities
 m - 2 potions of resistance
 r - a potion of flight
 s - 2 potions of agility
 z - 2 potions of invisibility
 B - 3 potions of berserk rage {unknown}
Books
 d - a book of Changes
 C - a book of Fire
   (You found it on level 5 of the Dungeon)
Comestibles
 a - 2 bread rations
 f - 4 meat rations
 n - 2 slices of pizza
 q - 2 beef jerkies
 F - 5 chunks of flesh


   Skills:
 - Level 1.0 Fighting
 - Level 2.0 Dodging
 - Level 10.0 Unarmed Combat
 - Level 2.0 Spellcasting
 + Level 9.3 Transmutations


You had 6 spell levels left.
You knew the following spells:

 Your Spells              Type           Power        Failure   Level  Hunger
a - Beastly Appendage     Trmt           ####..       1%          1    #......
c - Spider Form           Trmt/Pois      ###.......   12%         3    ###....
s - Sticks to Snakes      Trmt           ####......   1%          2    ###....


Dungeon Overview and Level Annotations

Branches:
Dungeon (7/15)             Temple (1/1) D:5

Altars:
Ashenzari
Cheibriados
Dithmenos
Fedhas
Gozag
Kikubaaqudgha
Makhleb
Nemelex Xobeh
Okawaru
Qazlal
Sif Muna
Trog
Vehumet
Xom
Yredelemnul
Zin
The Shining One

Shops:
D:5 *


Innate Abilities, Weirdness & Mutations

You cannot wear most types of armour.
You are amphibious.
You can wear up to eight rings at the same time.
You can use your tentacles to constrict many enemies at once.
Your skin changes colour to match your surroundings (Stealth).
Your rubbery body absorbs attacks (AC +1).
You have a pair of small antennae on your head.
You have very sharp teeth.
One of your tentacles bears a spike.
Potions and wands are less effective at restoring your health.


Message History

The killer bee poisons you!
The wight hits you from afar with a halberd of freezing.
The wight freezes you.
You take 14 damage, and have 27/53 hp.
MASSIVE DAMAGE!!
You now have 8/14 mp.
Danger x5: killer bee x4, wight!
Drink which item? (? for menu, Esc to quit)
You feel yourself speed up.
You feel sick. The killer bee closely misses you. The killer bee misses you.
You take 2 damage, and have 25/53 hp.
You feel sick. The killer bee misses you.
You take 1 damage, and have 24/53 hp.
Danger x5: killer bee x4, wight!
You feel sick.
You take 1 damage, and have 23/53 hp.
You feel sick. The killer bee completely misses you.
You take 1 damage, and have 22/53 hp.
You feel sick.
You take 1 damage, and have 21/53 hp.
Danger x6: killer bee x4, wight x2!
You bite the killer bee!
The killer bee is poisoned.
You feel sick. The killer bee barely misses you.
You take 1 damage, and have 20/53 hp.
You feel sick. The killer bee misses you.
You feel sick.
You kill the killer bee!
Okawaru accepts your kill.
You take 1 damage, and have 19/53 hp.
Danger x5: killer bee x3, wight x2!
You feel sick.
You take 1 damage, and have 18/53 hp.
You bite the killer bee!
The killer bee is poisoned.
You feel sick. The killer bee stings you.
* * * LOW HITPOINT WARNING * * *
You take 4 damage, and have 14/53 hp.
Danger x5: killer bee x3, wight x2!
Read which item? (? for menu, Esc to quit)
As you read the scroll of fear, it crumbles to dust.
You assume a fearsome visage.
The wight is unaffected.
The wight is unaffected.
The killer bee looks frightened! x3
You feel sick.
You take 1 damage, and have 13/53 hp.
Danger x5: wight x2, killer bee (fleeing) x3!
You feel sick.
You take 1 damage, and have 12/53 hp.
Danger x4: wight, killer bee (fleeing) x3!
Cornered, the killer bee turns to fight!
Warning x3: The wight can drain you in melee!
The killer bee (fleeing) is very fast!
The killer bee is very fast!
You feel sick.
You take 1 damage, and have 11/53 hp.
Warning x2: The killer bee is very fast!
The wight can drain you in melee!
You feel sick.
You kill the killer bee!
Okawaru accepts your kill.
You feel sick.
You take 1 damage, and have 10/53 hp.
You feel sick.
You take 1 damage, and have 9/53 hp.
Your transformation is almost over.
You feel sick.
You take 1 damage, and have 8/53 hp.
You feel sick.
You take 1 damage, and have 7/53 hp.
You feel sick.
You take 1 damage, and have 7/53 hp.
You feel sick.
You take 1 damage, and have 6/53 hp.
You are feeling hungry.
Eating one of 6 chunks of flesh.
You continue eating.
You feel sick.
You continue eating.
Your transformation has ended.
You feel sick.
You take 1 damage, and have 5/53 hp.
You feel sick.
There is a stone staircase leading up here.
Things that are here:
a hand axe; a club You take 1 damage, and have 4/53 hp.
You start resting.
You feel sick.
Your extra speed is starting to run out.
You start resting.
You feel sick.
You feel yourself slow down.
You take 1 damage, and have 4/53 hp.
You start resting.
You feel sick.
You are no longer poisoned.
MP restored: 14 You start resting.
A centaur comes into view.
Spoiler Alert: The centaur (wandering) is fast and can hit for moderate damage at range!
Total turns waited: 15.4 The centaur shouts!
The centaur wields a shortbow.
The centaur shoots an arrow.
The arrow hits you!
You die...

#........## #..#
....# #.###.##..#
#.## ##.. ##.#
#.###.#####.# #..#
#.###...#...# #.##
#.>.....#.### #.#
#####c.....# #.##
#####......##...
#..###...))).......#
##......##.)@....####
#......)).........#
##....#####.<.....#
###.## #####....# #..
###### ##.. .. .. .


You could see a centaur.

Vanquished Creatures
  A shadow (D:6)
  A hungry ghost (D:7)
  A hippogriff (D:6)
  A water moccasin (D:6)
  An ice beast (D:5)
  2 orc warriors
  2 centaurs
  2 sky beasts
  2 phantoms
  3 giant frogs
  A water moccasin skeleton (D:5)
  2 killer bees (D:7)
  A jelly (D:5)
  A centaur zombie (D:5)
  6 hounds
  2 iguanas
  5 orc priests
  3 giant frog skeletons
  4 worker ants
  Natasha (thrice) (D:5)
  8 orc wizards
  A hound zombie (D:5)
  A hound skeleton (D:5)
  The ghost of Yermak the Vexing, a weakling FeEn (D:6)
  3 gnolls (D:4)
  2 worker ant zombies
  12 adders
  A worm (D:2)
  An adder zombie (D:6)
  An adder skeleton (D:6)
  3 giant geckos
  An ooze (D:3)
  34 orcs
  A ball python (D:1)
  11 bats
  A bat skeleton (D:5)
  2 bat zombies (D:5)
  9 goblins
  14 hobgoblins
  12 jackals
  6 quokkas
  14 giant cockroaches
  A giant cockroach zombie (D:5)
  A giant gecko zombie (D:5)
  5 giant newts
  2 jackal skeletons (D:5)
  14 kobolds
  2 quokka skeletons
  3 quokka zombies (D:5)
  14 rats
  A rat zombie (D:6)
226 creatures vanquished.

Notes
Turn   | Place    | Note
--------------------------------------------------------------
     0 | D:1      | Pikaro, the Octopode Transmuter, began the quest for the Orb.
     0 | D:1      | Reached XP level 1. HP: 13/13 MP: 3/3
   162 | D:1      | Reached XP level 2. HP: 9/18 MP: 2/4
   496 | D:1      | Reached skill level 4 in Unarmed Combat
   571 | D:1      | Reached XP level 3. HP: 23/23 MP: 6/6
  1777 | D:2      | Reached XP level 4. HP: 28/28 MP: 7/7
  1866 | D:2      | Found a shattered altar of Ashenzari.
  2031 | D:2      | Learned a level 2 spell: Sticks to Snakes
  2035 | D:2      | Learned a level 3 spell: Spider Form
  2040 | D:2      | Reached skill level 5 in Unarmed Combat
  2124 | D:2      | Found a glowing golden altar of the Shining One.
  2506 | D:2      | Found a glowing golden altar of the Shining One.
  2550 | D:2      | Found a shattered altar of Ashenzari.
  2752 | D:2      | You fall through a shaft!
  3043 | D:3      | Reached XP level 5. HP: 28/33 MP: 5/9
  3197 | D:3      | Reached skill level 6 in Unarmed Combat
  3456 | D:3      | Noticed a fire elemental
  3458 | D:3      | Found a stormy altar of Qazlal.
  3459 | D:3      | Noticed an air elemental
  3459 | D:3      | Noticed an earth elemental
  3459 | D:3      | Noticed a water elemental
  3719 | D:3      | Found a stormy altar of Qazlal.
  4088 | D:3      | Reached XP level 6. HP: 34/38 MP: 10/10
  4351 | D:4      | Found a shadowy altar of Dithmenos.
  5107 | D:4      | Reached skill level 7 in Unarmed Combat
  5134 | D:4      | HP: 9/38 [poisoned by a worker ant]
  5142 | D:4      | HP: 8/38 [poisoned by a worker ant]
  5751 | D:4      | HP: 8/38 [phantom (8)]
  5752 | D:4      | Reached XP level 7. HP: 9/43 MP: 1/12
  6031 | D:5      | Entered Level 5 of the Dungeon
  6170 | D:5      | Found a staircase to the Ecumenical Temple.
  6180 | Temple   | Entered the Ecumenical Temple
  6254 | Temple   | Became a worshipper of Warmaster Okawaru
  6470 | D:5      | Reached skill level 8 in Unarmed Combat
  6709 | D:5      | HP: 10/43 [centaur zombie (1)]
  6995 | D:5      | Reached skill level 9 in Unarmed Combat
  7399 | D:5      | Found Stroimir's Assorted Antiques.
  7415 | D:5      | Bought a glittering pewter ring for 160 gold pieces
  7415 | D:5      | Identified the ring "Tujouj" {Fire +Blink} (You bought it in a shop on level 5 of the Dungeon)
  7575 | D:5      | HP: 9/43 [ice beast (13)]
  7587 | D:5      | Acquired Okawaru's first power
  7587 | D:5      | Reached XP level 8. HP: 12/48 MP: 10/13
  8050 | D:5      | Noticed Natasha
  8093 | D:5      | Killed Natasha
  8248 | D:5      | Reached skill level 10 in Unarmed Combat
  8360 | D:5      | Noticed Natasha
  8368 | D:5      | Killed Natasha
  8810 | D:5      | Found Stroimir's Assorted Antiques.
  8965 | D:5      | Found a staircase to the Ecumenical Temple.
  9162 | D:5      | Noticed Natasha
  9166 | D:5      | Killed Natasha
  9231 | D:5      | Reached skill level 3 in Transmutations
  9235 | D:5      | Gained mutation: You have a pair of small antennae on your head. [mutagenic meat]
  9236 | D:5      | Gained mutation: You have very sharp teeth. [mutagenic meat]
  9237 | D:5      | Gained mutation: Potions and wands are less effective at restoring your health. [mutagenic meat]
  9348 | D:5      | HP: 6/48 [orc priest/divine providence (14)]
  9353 | D:5      | HP: 2/48 [something/magic dart (5)]
  9508 | D:5      | Reached skill level 4 in Transmutations
  9582 | D:5      | Bought a fizzy orange potion for 28 gold pieces
  9582 | D:5      | Bought a sedimented puce potion for 28 gold pieces
  9817 | D:6      | Noticed Yermak's ghost (weakling FeEn)
  9822 | D:6      | Killed Yermak's ghost
  9866 | D:6      | Reached skill level 5 in Transmutations
 10235 | D:6      | Reached XP level 9. HP: 49/53 MP: 14/14
 10241 | D:6      | Reached skill level 6 in Transmutations
 10278 | D:6      | Reached skill level 7 in Transmutations
 11050 | D:6      | Found an ancient bone altar of Kikubaaqudgha.
 11101 | D:6      | Gained mutation: One of your tentacles bears a spike. [mutagenic meat]
 11533 | D:6      | HP: 12/53 [hippogriff (5)]
 11533 | D:6      | HP: 5/53 [hippogriff (7)]
 11534 | D:6      | Reached skill level 8 in Transmutations
 11834 | D:6      | Found an ancient bone altar of Kikubaaqudgha.
 12383 | D:7      | Reached skill level 9 in Transmutations
 12633 | D:7      | HP: 13/53 [poisoned by a killer bee]
 12639 | D:7      | HP: 10/53 [poisoned by a killer bee]
 12645 | D:7      | HP: 7/53 [poisoned by a killer bee]
 12651 | D:7      | HP: 6/53 [poisoned by a killer bee]
 12658 | D:7      | HP: 5/53 [poisoned by a killer bee]
 12663 | D:7      | HP: 4/53 [poisoned by a killer bee]
 12669 | D:7      | HP: 4/53 [poisoned by a killer bee]
 12675 | D:7      | HP: 4/53 [poisoned by a killer bee]
 12681 | D:7      | HP: 4/53 [poisoned by a killer bee]
 12685 | D:7      | Shot with an arrow by a centaur

Action                   |  1- 3 |  4- 6 |  7- 9 || total
-------------------------+-------+-------+-------++-------
Melee: Unarmed           |    85 |   161 |   327 ||   573
 Fire: Blowgun           |       |     2 |       ||     2
 Cast: Beastly Appendage |     1 |     1 |       ||     2
       Spider Form       |       |     8 |    20 ||    28
  Use: Scroll            |       |    14 |     4 ||    18
       Potion            |       |       |     5 ||     5
 Stab: Sleeping          |     3 |     3 |     8 ||    14
       Distracted        |       |     1 |     1 ||     2
  Eat: Chunk             |     2 |    15 |    27 ||    44
       Bread ration      |       |       |     1 ||     1

Vault maps used:
D:1:      dpeg_arrival_prison, minmay_misc_feat_five
D:2:      lemuel_crystal_altar, kennysheep_flooded_box
D:3:      nicolae_qazlal_style_of_elements
D:4:      corexii_shack_village, grunt_dithmenos_smoke
D:5:      minmay_temple_entry_statues_fountains, first_bread, serial_undead,
          serial_undead_c, serial_undead_b, serial_undead_b, serial_undead_b,
          serial_undead_a, serial_undead_a, serial_shops, nicolae_shop_trees,
          dk_noncrumbling_2, uniq_natasha
D:6:      lemuel_zombie_altar_kikubaaqudgha
D:7:      grunt_livestock, kennysheep_generic_room_13
Temple:   circular_temple_12

Table legend:
 A = Turns spent in this place as a percentage of turns spent in the entire game.
 B = Non-inter-level travel turns spent in this place as a percentage of non-inter-level travel turns spent in the entire game.
 C = Inter-level travel turns spent in this place as a percentage of turns spent in this place.
 D = Turns resting spent in this place as a percentage of non-inter-level travel turns spent in this place.
 E = Turns spent auto-exploring this place as a percentage of non-inter-level travel turns spent in this place.
 F = Non-inter-level travel turns spent in this place divided by the number of levels of this place that you've seen.
                   A       B       C       D       E      F
               +-------+-------+-------+-------+-------+----------------------
         Total | 100.0 | 100.0 |   0.5 |  10.7 |   8.6 | 293.8
       Dungeon |  98.8 |  98.8 |   0.4 |  10.8 |   8.2 | 331.7
        Temple |   1.2 |   1.2 |   3.4 |   0.0 |  39.3 |  28.0
               +-------+-------+-------+-------+-------+----------------------

Table legend:
 A = Kills in this place as a percentage of kills in entire the game.
 B = Kills by you in this place as a percentage of kills by you in the entire game.
 C = Kills by friends in this place as a percentage of kills by friends in the entire game.
 D = Other kills in this place as a percentage of other kills in the entire game.
 E = Experience gained in this place as a percentage of experience gained in the entire game.
 F = Experience gained in this place divided by the number of levels of this place that you have seen.
                   A       B       C       D       E      F
               +-------+-------+-------+-------+-------+----------------------
         Total | 100.0 | 100.0 |  -nan |  -nan | 100.0 | 518.2
       Dungeon | 100.0 | 100.0 |  -nan |  -nan | 100.0 | 592.3
               +-------+-------+-------+-------+-------+----------------------
